 Dungeon Crawl Stone Soup version 0.22-a0-601-gb0ed703 (webtiles) character file.

34337 sking99 the Black Sun (level 13, -1/90 HPs)
             Began as a Demonspawn Monk on July 6, 2018.
             Was a High Priest of Kikubaaqudgha.
             Slain by a hornet (14 damage)
             ... on level 6 of the Lair of Beasts.
             The game lasted 01:11:09 (25926 turns).

sking99 the Black Sun (Demonspawn Monk)            Turns: 25926, Time: 01:11:10

Health: -1/90      AC: 12    Str:  9    XL:     13   Next: 41%
Magic:  14/29      EV: 10    Int: 21    God:    Kikubaaqudgha [*****.]
Gold:   1814       SH: 15    Dex: 16    Spells: 6/22 levels left

rFire    + . .     SeeInvis .   G - +1 trident
rCold    + . .     Gourm    .   g - +1 shield {reflect}
rNeg     . . .     Faith    .   E - +0 ring mail
rPois    +         Spirit   .   B - +0 helmet
rElec    +         Reflect  +   d - +0 cloak
rCorr    .         Harm     .   Z - +2 pair of gloves
MR       .....                  (no boots)
Stlth    +.........             q - +4 amulet of reflection
HPRegen  1.25/turn              y - ring "Muehium" {rElec rF+ MP+9 Str-3 Int+5}
MPRegen  0.21/turn              j - ring of poison resistance

@: regenerating
A: talons 1, yellow scales 1, cold resistance 1, demonic guardian 2, freezing
cloud immunity
a: Receive Corpses, Torment, Renounce Religion


You were on level 6 of the Lair of Beasts.
You worshipped Kikubaaqudgha.
Kikubaaqudgha was extremely pleased with you.
You were very hungry.

You visited 2 branches of the dungeon, and saw 18 of its levels.
You also visited: Labyrinth and Ice Cave.

You collected 1814 gold pieces.

Inventory:

Hand Weapons
 G - a +1 trident (weapon)
Missiles
 b - a throwing net (quivered)
Armour
 d - a +0 cloak (worn)
 g - a +1 shield of reflection (worn)
 i - +0 ice dragon scales
 w - a +0 large shield
 B - a +0 helmet (worn)
 E - a +0 ring mail (worn)
 Z - a +2 pair of gloves (worn)
Jewellery
 j - a ring of poison resistance (right hand)
 q - a +4 amulet of reflection (around neck)
 y - the ring "Muehium" (left hand) {rElec rF+ MP+9 Str-3 Int+5}
   (You found it in an ice cave)

   [ring of protection from fire]

   It affects your strength (-3).
   It affects your intelligence (+5).
   It protects you from fire.
   It insulates you from electricity.
   It affects your magic capacity (+9).
 D - an uncursed ring of resist corrosion
 L - the ring "Coasedueha" {rF+ Slay+3}
   (You found it in a labyrinth)

   [ring of slaying]

   It affects your accuracy and damage with ranged weapons and melee attacks
   (+3).
   It protects you from fire.
 P - the ring of Zin's Esteem {MP+9 Slay+4}
   (You found it in an ice cave)

   [ring of magical power]

   It affects your accuracy and damage with ranged weapons and melee attacks
   (+4).
   It affects your magic capacity (+9).
 Q - an uncursed ring of flight
 R - a +3 ring of protection
 U - an uncursed ring of protection from fire
Wands
 a - a wand of iceblast (24)
 p - a wand of flame (35)
 C - a wand of acid (36)
 M - a wand of scattershot (6)
 Y - a wand of enslavement (22)
Scrolls
 f - 2 scrolls of blinking
 k - 7 scrolls of teleportation
 l - 6 scrolls of amnesia
 n - 6 scrolls of identify
 s - 10 scrolls of remove curse
 v - 2 scrolls of enchant weapon
 z - a scroll of fog
 H - 5 scrolls of immolation
 I - 10 scrolls of magic mapping
 K - 5 scrolls of summoning
 N - a scroll of fear
 T - 2 scrolls of enchant armour
Potions
 e - 3 potions of berserk rage
 h - a potion of lignification
 m - 2 potions of agility
 r - 8 potions of curing
 t - 3 potions of cancellation
 u - 2 potions of haste
 x - 3 potions of flight
 A - a potion of magic
 F - 4 potions of brilliance
 J - 3 potions of invisibility
 O - 2 potions of ambrosia {unknown}
 V - a potion of mutation
 W - 3 potions of might
 X - 2 potions of heal wounds
Comestibles
 c - 23 rations


   Skills:
 - Level 4.5 Fighting
 * Level 13.3 Polearms
 - Level 2.4 Armour
 - Level 3.6 Dodging
 - Level 2.2 Stealth
 + Level 8.2 Shields
 - Level 5.0 Spellcasting
 * Level 14.4 Necromancy


You had 6 spell levels left.
You knew the following spells:

 Your Spells              Type           Power        Failure   Level  Hunger
a - Pain                  Necr           ####         1%          1    None
b - Regeneration          Chrm/Necr      #####.....   11%         3    ##.....
c - Animate Skeleton      Necr           N/A          1%          1    None
d - Animate Dead          Necr           N/A          1%          4    ####...
e - Dispel Undead         Necr           ######..     5%          5    #####..
f - Sublimation of Blood  Necr           ######....   1%          2    None

Your spell library contained the following spells:

 Spells                   Type           Power        Failure   Level  Hunger
 Magic Dart               Conj           #...         56%         1    None
 Apportation              Tloc           #.....       56%         1    None
 Summon Small Mammal      Summ           #...         56%         1    None
 Iskenderun's Mystic Bla  Conj           #.......     100%        4    ####...
 Corpse Rot               Necr           N/A          1%          2    None
 Agony                    Necr           ######..     5%          5    #####..
 Deflect Missiles         Chrm/Air       #.........   100%        6    #######
 Confusing Touch          Hex            #.....       56%         1    None
 Silence                  Hex/Air        #.........   100%        5    #####..
 Conjure Ball Lightning   Conj/Air       #.........   100%        6    #######
 Excruciating Wounds      Chrm/Necr      #####.....   71%         5    #####..
 Tornado                  Air            #.........   100%        9    #######
 Fulminant Prism          Conj/Hex       #.........   100%        4    ####...
 Dazzling Spray           Conj/Hex       #.....       91%         3    ##.....
 Force Lance              Conj/Tloc      #.......     100%        4    ####...
 Searing Ray              Conj           #.....       71%         2    None
 Summon Lightning Spire   Summ/Air       #.......     100%        4    ####...
 Borgnjor's Vile Clutch   Necr/Erth      #####.....   71%         5    #####..


Dungeon Overview and Level Annotations

Branches:
Dungeon (12/15)            Temple (0/1) D:7            Lair (6/6) D:11
  Swamp (0/4) Lair:4        Snake (0/4) Lair:2          Orc (0/2) D:10
  Slime: Lair:5-6

Altars:
Dithmenos
Fedhas
Hepliaklqana
Kikubaaqudgha
Makhleb
Qazlal
Trog
Vehumet
Wu Jian
The Shining One

Shops:
D:11 =

Annotations:
Lair:6 1 runed door


Innate Abilities, Weirdness & Mutations

You have sharp toenails.
You are partially covered in yellow scales. (AC +2)
Your flesh is cold resistant. (rC+)
A demonic guardian rushes to your aid.
You are immune to freezing clouds.


Message History

The hornet is heavily wounded.
You block the hornet's attack. The hornet misses you.
Unknown command.
You closely miss the hornet.
The hornet is heavily wounded.
You feel yourself speed up.
Your crocodile zombie is no longer moving slowly.
You block the hornet's attack. The hornet stings you!
* * * LOW HITPOINT WARNING * * *
You suddenly lose the ability to move!
Your yak zombie gores the hornet!
You can move again.
Casting: Animate Dead (safe; 1% risk of failure)
Confirm with . or Enter, or press ? or * to list all spells.
Your skin crawls.
Something closely misses your sixfirhy. The hornet closely misses you.
Something misses your sixfirhy.
You hit the hornet but do no damage. You claw the hornet.
The hornet is severely wounded.
The hornet stings you!
You die...
Kikubaaqudgha rasps: "You have failed me!
Welcome... death!"

##### ####
####.P.###
....#####........##
....##.....###...##
#..#.....##
##...###
###Z.y.Z##.#
###.8.#
###...yy#Z####
##..P## #....†.#@##
###...#+
#.......#3##
#...### .w...PZ####
##..# .##.#yy
###..## ##.#.
#....# ##.#
##..##### #
##..#..##
##Z..#.###
#........##


You could see 3 hornets, a friendly sixfirhy, a friendly crocodile zombie, a
friendly yak zombie and a friendly bullfrog zombie.

Vanquished Creatures
  A hydra (Lair:6)
  An ice dragon (IceCv)
  A catoblepas (Lair:4)
  2 deep elf magi (D:11)
  3 black mambas
  2 ice statues (IceCv)
  Maurice (D:9)
  2 torpor snails (Lair:6)
  3 spiny frogs
  5 komodo dragons
  A rime drake (IceCv)
  A merfolk (D:10)
  Grinder (D:3)
  A troll (D:11)
  2 dream sheep (Lair:5)
  A slime creature (D:12)
  2 blink frogs (Lair:1)
  2 hippogriffs
  A wyvern (Lair:3)
  A wraith (D:11)
  15 yaks
  2 nagas (Lair:2)
  4 porcupines
  8 water moccasins
  3 sky beasts
  An orc warrior (D:10)
  A slave (D:6)
  10 ice beasts
  3 wolves (D:10)
  6 ogres
  7 crocodiles
  8 bullfrogs
  A gnoll sergeant (D:9)
  A wyvern skeleton (D:9)
  5 scorpions
  A killer bee (D:11)
  7 wights
  3 electric eels (Lair:5)
  A howler monkey (D:7)
  3 crimson imps
  3 jellies
  Crazy Yiuf (D:2)
  8 hounds
  4 orc priests
  10 orc wizards
  Jessica (D:3)
  5 bullfrog skeletons
  2 iguanas
  3 worker ants
  A hound skeleton (D:4)
  A worker ant zombie (D:7)
  7 gnolls
  12 adders
  2 shadow imps
  2 oozes
  2 adder skeletons
  A worm (D:5)
  7 leopard geckos
  29 orcs
  5 giant cockroaches
  6 hobgoblins
  7 jackals
  8 kobolds
  11 quokkas
  3 bats
  2 frilled lizards
  9 goblins
  5 rats
  A fungus (D:5)
282 creatures vanquished.

Vanquished Creatures (collateral kills)
  A minotaur (Lab)
  A fire dragon (Lair:3)
  An ice dragon (IceCv)
  2 catoblepae
  Pikel (D:6)
  7 deep elf magi (D:11)
  4 ugly things
  A manticore (D:12)
  3 black mambas
  5 elephants (Lair:5)
  3 spiny frogs
  6 komodo dragons
  2 gargoyles (D:11)
  A centaur skeleton (D:10)
  5 rime drakes
  5 blink frogs
  A hornet (Lair:6)
  2 slime creatures (D:12)
  7 dream sheep
  5 hippogriffs
  30 yaks
  A wyvern (Lair:5)
  2 basilisks
  A steam dragon (Lair:6)
  Grum (D:10)
  6 nagas (Lair:2)
  7 water moccasins
  4 porcupines
  8 ice beasts
  A swamp drake (Lair:6)
  2 orc warriors
  A slave (D:6)
  A necrophage (D:9)
  A phantom (D:4)
  2 centaurs (D:11)
  A wolf (D:10)
  3 crocodiles
  A big kobold (D:12)
  A gnoll sergeant (D:9)
  4 killer bees (D:11)
  4 wights (D:12)
  3 hounds
  2 orc wizards
  A bullfrog skeleton (D:12)
  2 worker ants
  3 gnolls (D:9)
  2 adders
  2 orcs
  A jackal (D:6)
  A quokka (D:6)
  A fungus (Lair:2)
  2 plants
165 creatures vanquished.

Vanquished Creatures (others)
  Nessos (Lair:5)
  5 fungi (Lair:6)
  6 plants
12 creatures vanquished.

Grand Total: 459 creatures vanquished

Notes
Turn   | Place    | Note
-------+----------+-------------------------------------------
     0 | D:1      | sking99 the Demonspawn Monk began the quest for the Orb.
     0 | D:1      | Reached XP level 1. HP: 18/18 MP: 1/1
    34 | D:1      | You fall through a shaft!
   172 | D:2      | Gained mutation: Your flesh is cold resistant. (rC+) [demonic ancestry]
   172 | D:2      | Reached XP level 2. HP: 23/24 MP: 2/2
   207 | D:2      | Gained mutation: You have sharp toenails. [demonic ancestry]
   207 | D:2      | Reached XP level 3. HP: 15/29 MP: 3/3
  1047 | D:2      | Gained mutation: A weak demonic guardian rushes to your aid. [demonic ancestry]
  1047 | D:2      | Reached XP level 4. HP: 34/36 MP: 4/4
  1144 | D:1      | You fall through a shaft!
  2007 | D:2      | Found a runed door.
  2079 | D:2      | Noticed Crazy Yiuf
  2090 | D:2      | Killed Crazy Yiuf
  2090 | D:2      | Reached skill level 1 in Armour
  2269 | D:3      | Gained mutation: A demonic guardian rushes to your aid. [demonic ancestry]
  2269 | D:3      | Reached XP level 5. HP: 12/42 MP: 5/5
  2570 | D:3      | Noticed Grinder
  2574 | D:3      | Paralysed by Grinder for 6 turns
  2584 | D:3      | Killed Grinder
  2632 | D:3      | Reached XP level 6. HP: 39/48 MP: 6/6
  2960 | D:3      | Noticed Jessica
  2964 | D:3      | Killed Jessica
  4131 | D:4      | Reached skill level 1 in Shields
  4425 | D:5      | Entered Level 5 of the Dungeon
  4463 | D:5      | Reached XP level 7. HP: 55/55 MP: 7/7
  4475 | D:5      | Reached skill level 5 in Polearms
  4682 | D:5      | Found a blossoming altar of Fedhas.
  4684 | D:5      | Found an ancient bone altar of Kikubaaqudgha.
  4728 | D:5      | Became a worshipper of Kikubaaqudgha
  4728 | D:5      | Reached * piety under Kikubaaqudgha
  4728 | D:5      | Identified Kikubaaqudgha's Guide on Unholy Secrets (Kikubaaqudgha gifted it to you on level 5 of the Dungeon)
  4728 | D:5      | Received a gift from Kikubaaqudgha
  4728 | D:5      | Reached ** piety under Kikubaaqudgha
  4735 | D:5      | Learned a level 1 spell: Pain
  4739 | D:5      | Learned a level 3 spell: Regeneration
  4742 | D:5      | Learned a level 2 spell: Sublimation of Blood
  5233 | D:5      | Reached skill level 1 in Necromancy
  6231 | D:6      | Reached skill level 2 in Necromancy
  6364 | D:6      | Reached skill level 3 in Necromancy
  6556 | D:6      | Reached XP level 8. HP: 27/61 MP: 6/8
  6930 | D:6      | Found a hazy altar of Hepliaklqana.
  7365 | D:6      | Reached skill level 4 in Necromancy
  7481 | D:6      | Noticed Pikel
  7488 | D:6      | Killed Pikel
  7503 | D:6      | Reached skill level 5 in Necromancy
  7777 | D:6      | Found a glowing golden altar of the Shining One.
  7777 | D:6      | Found a bloodstained altar of Trog.
  7777 | D:6      | Found a radiant altar of Vehumet.
  7777 | D:6      | Found a burning altar of Makhleb.
  8032 | D:7      | Found a staircase to the Ecumenical Temple.
  8356 | D:7      | Found an ornate altar of the Wu Jian Council.
  8463 | D:7      | Found a stormy altar of Qazlal.
  8464 | D:7      | Noticed an air elemental
  8572 | D:8      | HP: 2/61 [orc warrior/war axe (18)]
  8916 | D:8      | Reached *** piety under Kikubaaqudgha
  8916 | D:8      | Identified Kikubaaqudgha's Reference Book on Stolen Souls (Kikubaaqudgha gifted it to you on level 8 of the Dungeon)
  8916 | D:8      | Received a gift from Kikubaaqudgha
  8963 | D:8      | Reached XP level 9. HP: 61/66 MP: 5/9
  9032 | D:8      | Reached skill level 6 in Necromancy
  9243 | D:8      | Reached skill level 1 in Spellcasting
  9274 | D:8      | Learned a level 4 spell: Animate Dead
  9953 | D:8      | Reached skill level 7 in Necromancy
 10177 | D:8      | Found a shadowy altar of Dithmenos.
 10830 | D:9      | Learned a level 1 spell: Animate Skeleton
 11251 | D:9      | Reached skill level 8 in Necromancy
 11796 | D:9      | Noticed Maurice
 11873 | D:9      | Reached **** piety under Kikubaaqudgha
 11873 | D:9      | Gained mutation: You are immune to freezing clouds. [demonic ancestry]
 11873 | D:9      | Reached XP level 10. HP: 52/73 MP: 14/14
 12838 | D:9      | Killed Maurice
 12950 | D:10     | Entered Level 10 of the Dungeon
 12974 | D:10     | Noticed Grum
 12997 | D:10     | Killed Grum
 13243 | D:10     | You fall through a shaft for 2 floors!
 13243 | D:12     | Found a labyrinth entrance.
 13300 | D:12     | Reached skill level 9 in Necromancy
 13481 | Lab      | Entered a labyrinth
 13950 | Lab      | Noticed a minotaur
 13959 | Lab      | Killed a minotaur
 13968 | Lab      | Got a wavering silver ring
 14442 | D:12     | HP: 1/73 [slime creature (18)]
 14458 | D:12     | HP: 3/73 [slime creature (11)]
 14459 | D:12     | Noticed a manticore
 14470 | D:12     | Killed a manticore
 14470 | D:12     | Reached skill level 10 in Necromancy
 14548 | D:12     | Noticed a purple ugly thing
 14567 | D:12     | Killed a purple ugly thing
 14567 | D:12     | Reached skill level 10 in Polearms
 14858 | D:11     | Noticed a deep elf mage
 14858 | D:11     | Noticed a deep elf mage
 14858 | D:11     | Noticed a deep elf mage
 14859 | D:11     | Noticed a deep elf mage
 14859 | D:11     | Noticed a deep elf mage
 14867 | D:11     | Killed a deep elf mage
 14875 | D:11     | Noticed a deep elf mage
 14879 | D:11     | Noticed a deep elf mage
 14896 | D:11     | Noticed a deep elf mage
 14907 | D:11     | Killed a deep elf mage
 14907 | D:11     | Gained mutation: You are partially covered in yellow scales. (AC +2) [demonic ancestry]
 14907 | D:11     | Reached XP level 11. HP: 44/78 MP: 3/18
 14913 | D:11     | Killed a deep elf mage
 14917 | D:11     | Killed a deep elf mage
 14929 | D:11     | Killed a deep elf mage
 15104 | D:11     | Noticed a deep elf mage
 15111 | D:11     | Killed a deep elf mage
 15111 | D:11     | Reached skill level 5 in Spellcasting
 15175 | D:11     | Noticed a catoblepas
 15185 | D:11     | Killed a catoblepas
 15185 | D:11     | Reached skill level 5 in Shields
 15186 | D:11     | Killed a deep elf mage
 15190 | D:11     | Killed a deep elf mage
 15191 | D:11     | Noticed a red ugly thing
 15212 | D:11     | Killed a red ugly thing
 15498 | D:11     | Killed a deep elf mage
 15805 | D:11     | Reached skill level 11 in Necromancy
 16072 | D:11     | Noticed a purple ugly thing
 16076 | D:11     | Killed a purple ugly thing
 16180 | D:11     | Found Doffexae's Jewellery Shop.
 16202 | D:11     | Noticed a white ugly thing
 16227 | D:11     | Killed a white ugly thing
 16310 | D:11     | Found a staircase to the Lair.
 16525 | D:11     | Learned a level 5 spell: Dispel Undead
 16620 | D:11     | Identified the ring "Coasedueha" {rF+ Slay+3} (You found it in a labyrinth)
 17311 | D:10     | Found a staircase to the Orcish Mines.
 17759 | Lair:1   | Entered Level 1 of the Lair of Beasts
 18802 | Lair:2   | Reached skill level 12 in Necromancy
 19148 | Lair:2   | Reached XP level 12. HP: 84/84 MP: 16/19
 19486 | Lair:2   | Found a staircase to the Snake Pit.
 20394 | Lair:3   | Reached ***** piety under Kikubaaqudgha
 21063 | Lair:3   | Noticed a fire dragon
 21079 | Lair:3   | Killed a fire dragon
 21781 | Lair:4   | Noticed a catoblepas
 21800 | Lair:4   | Killed a catoblepas
 22058 | Lair:4   | Reached skill level 13 in Necromancy
 22268 | Lair:4   | Found a staircase to the Swamp.
 22993 | Lair:5   | Noticed Nessos
 23010 | Lair:5   | Killed Nessos
 23192 | Lair:5   | Found a frozen archway.
 23208 | IceCv    | Entered an ice cave
 23497 | IceCv    | Reached XP level 13. HP: 55/90 MP: 20/20
 23787 | IceCv    | HP: 3/90 [ice dragon/blast of cold (23)]
 23947 | IceCv    | Got a glittering golden ring
 23949 | IceCv    | Identified the ring "Muehium" {rElec rF+ MP+9 Str-3 Int+5} (You found it in an ice cave)
 23963 | IceCv    | Got a glittering bronze ring
 23969 | IceCv    | Identified the ring of Zin's Esteem {MP+9 Slay+4} (You found it in an ice cave)
 24665 | Lair:5   | Reached skill level 14 in Necromancy
 24960 | Lair:6   | Entered Level 6 of the Lair of Beasts
 25654 | Lair:6   | Found a runed door.
 25894 | Lair:6   | Paralysed by a hornet for 1 turns
 25924 | Lair:6   | Paralysed by a hornet for 1 turns
 25926 | Lair:6   | Slain by a hornet

Vault maps used:
D:1:      dpeg_arrival_arbitrary_c
D:2:      minmay_heptomino_h4, uniq_crazy_yiuf_cottage
D:3:      uniq_jessica, uniq_grinder
D:4:      first_ration
D:5:      grunt_temple_overflow_growth_and_decay, serial_park_tiny_pond,
          minmay_gold_behind_fungi, sigmund_army
D:6:      minitemple, kennysheep_mini, st_stairs_4, uniq_pikel
D:7:      nicolae_qazlal_style_of_elements, minmay_temple_entry_poolview,
          basic_altar
D:8:      lemuel_coloured_pillars_altar
D:9:      uniq_maurice
D:10:     orc_0_dummy, hangedman_fish_farm, uniq_grum
D:11:     lair_entry_dummy, serial_shops, shop_fountains, elves_outpost_lemuel
D:12:     lab_entry_generic, xom_shifter_show
Lair:2:   minmay_snake_entry_guardpost_large
Lair:3:   dragon1_lemuel, infiniplex_staircase_pool
Lair:4:   swamp_mist, serial_bayou_pond_c
Lair:5:   portal_ice_cave_rime, st_stairs_4, disabler_island, uniq_nessos
Lair:6:   guppyfry_lair_end_dragon, wormcave, slime_altar_1, st_stairs_13,
          nicolae_quartered_pool_medium, lemuel_fruit_tree,
          infiniplex_staircase_pool_2
Lab:      labyrinth_hidden_loot, nicolae_lab_blocks, lab_statue,
          nicolae_lab_plus, nicolae_lab_do_over
IceCv:    ice_cave_small_dragons

Skill      XL: |  1  2  3  4  5  6  7  8  9 10 11 12 13 |
---------------+----------------------------------------+-----
Polearms       | 3 4 6 7 8 10 11 12 13 | 13.3
Dodging        | 3 |  3.6
Stealth        | 2 |  2.2
Armour         | 1 2 |  2.4
Fighting       | 4 |  4.5
Shields        | 1 2 3 4 6 7 8 |  8.2
Necromancy     | 3 5 8 10 12 13 14 | 14.4
Spellcasting   | 3 4 5 |  5.0

Action                   |  1- 3 |  4- 6 |  7- 9 | 10-12 | 13-15 || total
-------------------------+-------+-------+-------+-------+-------++-------
Melee: Spear             |    92 |   301 |   259 |       |       ||   652
       Kick              |     8 |    63 |   196 |   190 |    64 ||   521
       Trident           |       |       |   532 |   794 |   221 ||  1547
 Cast: Pain              |       |       |    39 |     5 |     2 ||    46
       Regeneration      |       |       |    10 |    11 |     5 ||    26
       Animate Skeleton  |       |       |     3 |     8 |     6 ||    17
       Animate Dead      |       |       |     1 |    43 |    11 ||    55
Invok: Receive Corpses   |       |       |     1 |    14 |     5 ||    20
       Torment           |       |       |       |       |     1 ||     1
 Abil: Evoke Flight      |       |       |       |       |     1 ||     1
  Use: Scroll            |       |    13 |     4 |    14 |     1 ||    32
       Potion            |       |       |       |     6 |     2 ||     8
 Stab: Distracted        |       |       |     1 |    17 |     4 ||    22
       Sleeping          |       |       |       |     3 |       ||     3
  Eat: Chunk             |       |    10 |    20 |    31 |     7 ||    68
       Ration            |       |       |     3 |     6 |     1 ||    10
Armor: Scale mail        |    27 |   132 |    25 |       |       ||   184
       Ring mail         |       |       |   115 |   163 |    39 ||   317
       Skin              |       |       |       |     3 |       ||     3
Dodge: Dodged            |    40 |   114 |   264 |   161 |    43 ||   622
Block: Buckler           |       |    37 |   104 |    32 |       ||   173
       Shield            |       |       |       |   202 |   104 ||   306
       Reflection        |       |       |       |     8 |       ||     8

Table legend:
 A = Spawn XP
 B = Non-spawn XP
 C = Spawn XP percentage of total XP
 D = Spawn monster count
 E = Non-spawn monster count
 F = Spawn count percentage of total count
 G = Total turns spent on level
                    A         B        C        D         E        F      G
               +---------+---------+-------+---------+---------+-------+---------
         Total |       0 |   49053 |   0.0 |       0 |     442 |   0.0 | 25926
               +---------+---------+-------+---------+---------+-------+---------
           D:1 |       0 |      24 |   0.0 |       0 |      12 |   0.0 |   672
           D:2 |       0 |     146 |   0.0 |       0 |      20 |   0.0 |  1847
           D:3 |       0 |     279 |   0.0 |       0 |      21 |   0.0 |   785
           D:4 |       0 |     273 |   0.0 |       0 |      22 |   0.0 |  1335
           D:5 |       0 |     291 |   0.0 |       0 |      11 |   0.0 |  1554
           D:6 |       0 |    1213 |   0.0 |       0 |      28 |   0.0 |  1694
           D:7 |       0 |     380 |   0.0 |       0 |      17 |   0.0 |   975
           D:8 |       0 |    1285 |   0.0 |       0 |      29 |   0.0 |  1348
           D:9 |       0 |    1951 |   0.0 |       0 |      33 |   0.0 |  2740
          D:10 |       0 |    1456 |   0.0 |       0 |      14 |   0.0 |  1044
          D:11 |       0 |    7173 |   0.0 |       0 |      41 |   0.0 |  2345
          D:12 |       0 |    2929 |   0.0 |       0 |      31 |   0.0 |   915
        Lair:1 |       0 |    3192 |   0.0 |       0 |      21 |   0.0 |  1027
        Lair:2 |       0 |    2971 |   0.0 |       0 |      22 |   0.0 |  1230
        Lair:3 |       0 |    3899 |   0.0 |       0 |      19 |   0.0 |  1592
        Lair:4 |       0 |    2135 |   0.0 |       0 |      11 |   0.0 |  1244
        Lair:5 |       0 |    8508 |   0.0 |       0 |      39 |   0.0 |  1118
        Lair:6 |       0 |    5885 |   0.0 |       0 |      30 |   0.0 |   966
           Lab |       0 |     623 |   0.0 |       0 |       1 |   0.0 |   505
         IceCv |       0 |    4440 |   0.0 |       0 |      20 |   0.0 |   990
               +---------+---------+-------+---------+---------+-------+---------
